 Dungeon Crawl Stone Soup version 0.24.0-123-gd5b16e6ec5 (webtiles) character file.

Game seed: 12215454400685612212, levelgen mode: deterministic

1792 Descartes the Gouger (level 8, -3/34 HPs)
             Began as a Felid Monk on Jan 8, 2020.
             Slain by a troll (8 damage)
             ... on level 9 of the Dungeon.
             The game lasted 00:18:14 (12126 turns).

Descartes the Gouger (Felid Monk)                  Turns: 12126, Time: 00:18:15

Health: -3/34      AC:  2    Str: 10    XL:     8   Next: 82%
Magic:  18/18      EV: 22    Int:  9    God:
Gold:   611        SH:  0    Dex: 17    Spells: 2/7 levels left
                                        Lives:  0   Deaths: 2

rFire    . . .     SeeInvis +     - Unarmed
rCold    . . .     Gourm    .   (shield unavailable)
rNeg     . . .     Faith    .   (armour unavailable)
rPois    +         Spirit   .   (helmet unavailable)
rElec    .         Reflect  .   (cloak unavailable)
rCorr    .         Harm     .   (gloves unavailable)
MR       +....                  (boots unavailable)
Stlth    +++++.....             j - amulet of regeneration
HPRegen  0.51/turn              x - ring of magical power
MPRegen  0.16/turn              B - ring of poison resistance

@: quick
A: very small, no armour, no weapons or thrown items, stealth, claws 1, fangs 3,
horns 1, see invisible, carnivore, clumsy 1, dopey 1, speed 1, poison
resistance, shaggy fur 2, slow metabolism 1, sharp paws
a: no special abilities


You were on level 9 of the Dungeon.
You were completely stuffed.

You visited 2 branches of the dungeon, and saw 10 of its levels.

You collected 611 gold pieces.

Inventory:

Missiles
 b - 136 arrows
 f - 320 stones
Jewellery
 i - an uncursed amulet of faith
 j - an amulet of regeneration (around neck)
 t - an uncursed amulet of magic regeneration
 x - a ring of magical power (left paw)
 B - a ring of poison resistance (right paw)
Wands
 h - a wand of iceblast (3)
 w - a wand of paralysis (12)
 A - a wand of flame (23)
Scrolls
 e - 5 scrolls of remove curse
 l - 5 scrolls of teleportation
 o - 6 scrolls of fear
 p - 2 scrolls of amnesia
 u - a scroll of enchant weapon
 v - a scroll of immolation
 y - 2 scrolls of fog
Potions
 c - 3 potions of curing
 d - a potion of cancellation
 g - 2 potions of heal wounds
 k - 3 potions of agility
 m - a potion of haste
 n - a potion of flight
 q - a potion of mutation
 r - 2 potions of magic
 s - 2 potions of brilliance
Comestibles
 a - 22 rations
 z - 5 chunks of flesh


   Skills:
 - Level 3.0 Fighting
 + Level 6.8 Dodging
 + Level 8.6 Stealth
 * Level 11.8 Unarmed Combat
 * Level 4.5 Transmutations


You had 2 spell levels left.
You knew the following spells:

 Your Spells              Type           Power        Failure   Level  Hunger
a - Blade Hands           Tmut           #.........   87%         5    ######.

Your spell library contained the following spells:

 Spells                   Type           Power        Failure   Level  Hunger
 Beastly Appendage        Tmut           #.....       6%          1    ##.....
 Sticks to Snakes         Tmut           #.......     10%         2    ###....
 Freeze                   Ice            #...         38%         1    ##.....
 Throw Frost              Conj/Ice       #.....       52%         2    ###....
 Spider Form              Tmut/Pois      #.........   43%         3    ####...
 Ozocubu's Armour         Chrm/Ice       #.......     77%         3    ####...
 Ice Form                 Ice/Tmut       #.......     85%         4    #####..
 Summon Ice Beast         Ice/Summ       #.......     99%         4    #####..
 Throw Icicle             Conj/Ice       #.......     99%         4    #####..


Dungeon Overview and Level Annotations

Branches:
Dungeon (9/15)             Temple (1/1) D:4
   Lair: D:8-11         Orc: D:9-12

Altars:
Ashenzari
Cheibriados
Dithmenos
Elyvilon
Fedhas
Gozag
Hepliaklqana
Kikubaaqudgha
Makhleb
Nemelex Xobeh
Okawaru
Qazlal
Ru
Sif Muna
Trog
Uskayaw
Vehumet
Wu Jian
Xom
Yredelemnul
Zin
The Shining One

Shops:
D:4 :

Annotations:
D:3 Pikel
D:6 exclusion: electric eel


Innate Abilities, Weirdness & Mutations

You cannot wear armour.
You are incapable of wielding weapons or throwing items.
Your paws allow you to move quietly. (Stealth)
You have sharp claws.
You have razor-sharp teeth.
You have supernaturally acute eyesight. (SInv)
You are carnivorous and can eat meat at any time.
You cover ground quickly.
You are covered in thick fur. (AC +2)
You have a slow metabolism.
Your sharp claws are effective at attacking unaware monsters.
You have a pair of small horns on your head.
You are clumsy. (Dex -2)
You are dopey. (Int -2)
Your system is resistant to poisons. (rPois)


Message History

The troll is lightly wounded.
You claw the troll! You headbutt the troll. You bite the troll.
The troll is heavily wounded.
The troll completely misses you. The troll claws you.
The troll completely misses you.
You scratch the troll. Your headbutt misses the troll.
The troll is heavily wounded.
The troll completely misses you. The troll misses you.
The troll barely misses you.
You barely miss the troll. Your headbutt misses the troll.
Your claw misses the troll.
The troll is heavily wounded.
The troll bites you! The troll closely misses you. The troll barely misses you.
You are too injured to fight recklessly!
You scratch the troll but do no damage. You headbutt the troll.
The troll is heavily wounded.
The troll barely misses you. The troll claws you!
* * * LOW HITPOINT WARNING * * *
The troll claws you!
You die...

#.........#
#.........#
#>........#
#.........#
#.........#
#####'#####
#.# #.# #@#
#T.# ##.#
.# .# .. ##


You could see a troll.

Vanquished Creatures
  A vampire (D:9)
  2 hungry ghosts (D:7)
  Menkaure (D:7)
  Duvessa (D:7)
  An ice beast (D:6)
  2 orc warriors
  4 slaves (D:4)
  A sky beast (D:6)
  3 phantoms (D:8)
  6 ogres
  A centaur (D:9)
  2 big kobolds
  6 bullfrogs
  Dowan (D:7)
  2 scorpions
  4 wights (D:8)
  3 crimson imps
  4 hounds
  A centaur skeleton (D:5)
  4 orc priests
  A bullfrog skeleton (D:5)
  4 iguanas
  Terence (D:2)
  5 orc wizards
  7 worker ants
  A mummy (D:5)
  A howler monkey skeleton (D:4)
  3 gnolls (D:7)
  7 adders
  2 shadow imps
  3 adder skeletons
  3 worms
  4 dart slugs
  5 leopard geckos
  17 orcs
  6 bats
  6 giant cockroaches
  3 goblins
  4 hobgoblins
  12 jackals
  7 quokkas
  3 ball pythons (D:2)
  4 frilled lizards
  A jackal skeleton (D:6)
  2 jackal zombies
  16 kobolds
  A leopard gecko skeleton (D:5)
  A quokka skeleton (D:5)
  6 rats
186 creatures vanquished.

Notes
Turn   | Place    | Note
-------+----------+-------------------------------------------
     0 | D:1      | Descartes the Felid Monk began the quest for the Orb.
     0 | D:1      | Reached XP level 1. HP: 10/10 MP: 2/2
   293 | D:1      | Reached XP level 2. HP: 14/14 MP: 3/3
   695 | D:2      | Reached XP level 3. HP: 17/17 MP: 4/4
  1283 | D:2      | Reached skill level 4 in Unarmed Combat
  1954 | D:2      | Noticed Terence
  1973 | D:2      | Killed Terence
  1973 | D:2      | Reached XP level 4. HP: 10/21 MP: 5/5
  3088 | D:3      | Reached XP level 5. HP: 24/24 MP: 6/6
  3091 | D:3      | Reached skill level 5 in Unarmed Combat
  3326 | D:3      | Found a shadowy altar of Dithmenos.
  3832 | D:4      | Reached skill level 5 in Dodging
  3833 | D:4      | Noticed a slave
  4066 | D:4      | Found a staircase to the Ecumenical Temple.
  4127 | D:4      | Gained mutation: You are covered in thick fur. (AC +2)
                  | [Felid growth]
  4127 | D:4      | Reached XP level 6. HP: 9/28 MP: 7/7
  4144 | D:3      | Reached skill level 6 in Unarmed Combat
  4478 | D:3      | Found a hazy altar of Hepliaklqana.
  4501 | D:4      | Noticed a slave
  4501 | D:4      | Noticed a slave
  4502 | D:4      | Noticed Pikel
  4502 | D:4      | Noticed a slave
  4516 | Temple   | Entered the Ecumenical Temple
  5264 | D:4      | Killed a slave
  5428 | D:4      | Killed a slave
  5439 | D:4      | Killed a slave
  5528 | D:4      | Killed a slave
  6032 | D:4      | Found Onge Tukaoca's Book Shoppe.
  6327 | D:5      | Entered Level 5 of the Dungeon
  6572 | D:5      | Found a snail-covered altar of Cheibriados.
  6609 | D:5      | Learned a level 5 spell: Blade Hands
  6740 | D:5      | Reached skill level 7 in Unarmed Combat
  6740 | D:5      | Reached XP level 7. HP: 31/31 MP: 8/8
  6964 | D:6      | Reached skill level 5 in Stealth
  7206 | D:6      | Reached skill level 8 in Unarmed Combat
  7690 | D:6      | Reached skill level 1 in Transmutations
  8042 | D:6      | Reached XP level 8. HP: 29/34 MP: 9/9
  8509 | D:6      | Reached skill level 9 in Unarmed Combat
  9059 | D:7      | Noticed Menkaure
  9630 | D:7      | Killed Menkaure
  9939 | D:7      | Reached skill level 10 in Unarmed Combat
 10210 | D:7      | Reached XP level 9. HP: 37/37 MP: 10/10
 10372 | D:7      | Noticed Duvessa
 10373 | D:7      | Noticed Dowan
 10379 | D:7      | Killed Duvessa
 10397 | D:7      | Killed Dowan
 10397 | D:7      | Slain by an ogre
 10398 | D:7      | Reached XP level 8. HP: -1/34 MP: 9/9
 11235 | D:8      | Reached skill level 11 in Unarmed Combat
 11241 | D:8      | Killed from afar by an orc priest
 11242 | D:8      | Reached XP level 7. HP: -6/31 MP: 8/8
 11437 | D:8      | Reached XP level 8. HP: 26/34 MP: 9/9
 11663 | D:8      | Gained mutation: You have a pair of small horns on your
                  | head. [potion of mutation]
 11663 | D:8      | Gained mutation: You are clumsy. (Dex -2) [potion of
                  | mutation]
 11663 | D:8      | Gained mutation: You are dopey. (Int -2) [potion of
                  | mutation]
 11663 | D:8      | Gained mutation: Your system is resistant to poisons.
                  | (rPois) [potion of mutation]
 11964 | D:9      | Found a glowing golden altar of the Shining One.
 11965 | D:9      | Found a shimmering altar of Xom.
 12118 | D:9      | Noticed a troll
 12126 | D:9      | Slain by a troll

Levels and vault maps discovered:
D:1:      lemuel_arrival_rhombus, layout_basic
D:2:      layout_basic, uniq_terence
D:3:      minmay_diamond_boxcup, layout_basic, nicolae_overflow_hidden_temple,
          grunt_dithmenos_smoke_and_mirrors, first_ration,
          minmay_misc_feat_tower
D:4:      layout_loops_cross, minmay_temple_entry_junction, serial_shops,
          nicolae_shop_behind_doors, minmay_crystal_room, uniq_pikel
D:5:      layout_rooms, slow_altar_1
D:6:      layout_basic, minmay_door_square, kennysheep_cross_room
D:7:      minmay_bubble_buster, layout_basic, uniq_duvessa, uniq_menkaure
D:8:      layout_gridville
D:9:      layout_roguey, gammafunk_temple_overflow_statue, dpeg_oklobed_lair
Temple:   minmay_temple_bridge_d

Skill      XL: |  1  2  3  4  5  6  7  8  9 |
---------------+----------------------------+-----
Stealth        | 3 4 5 8 |  8.6
Unarmed Combat | 4 5 7 8 11 | 11.8
Dodging        | 5 6 |  6.8
Transmutations | 4 2 3 |  4.5
Fighting       | |  3.0

Action                   |  1- 3 |  4- 6 |  7- 9 || total
-------------------------+-------+-------+-------++-------
Melee: Unarmed           |    87 |   231 |   346 ||   664
       Bite              |     7 |    26 |    39 ||    72
       Punch             |       |     7 |    15 ||    22
       Headbutt          |       |       |    12 ||    12
  Use: Potion            |       |     1 |     4 ||     5
       Scroll            |       |       |    15 ||    15
 Stab: Sleeping          |     4 |    15 |    25 ||    44
       Distracted        |       |       |     3 ||     3
  Eat: Chunk             |     4 |    15 |    19 ||    38
Armor: Skin              |     6 |     6 |    12 ||    24
Dodge: Dodged            |    64 |   185 |   229 ||   478
